 Dungeon Crawl Stone Soup version 0.28-a0-906-g0406aca7d3 (webtiles) character file.

Game seed: 7992519206093540559

84 horus123 the Sneak (level 4, -2/24 HPs)
             Began as a Deep Elf Enchanter on Nov 24, 2021.
             Slain by a water moccasin zombie (4 damage)
             ... on level 3 of the Dungeon.
             The game lasted 00:08:01 (3096 turns).

horus123 the Sneak (Deep Elf Enchanter)             Turns: 3096, Time: 00:08:01

Health: -2/24      AC:  4    Str:  8    XL:     4   Next: 24%
Magic:  11/11      EV: 16    Int: 25    God:
Gold:   111        SH:  0    Dex: 15    Spells: 2/10 levels left

rFire   . . .      SeeInvis .   e - +2 short sword
rCold   . . .      Faith    .   (no shield)
rNeg    . . .      Spirit   .   b - +0 robe
rPois   +          Reflect  .   (no helmet)
rElec   .          Harm     .   k - +1 cloak
rCorr   .          Rampage  .   (no gloves)
Will    .....                   (no boots)
Stlth   +++.......              (no amulet)
HPRegen 0.08/turn               i - ring of Balance {rPois EV+4 Str+3 Int+4}
MPRegen 0.12/turn               (no ring)

@: no status effects
A: no striking features
a: no special abilities


You were on level 3 of the Dungeon.
You visited 1 branch of the dungeon, and saw 3 of its levels.

You collected 111 gold pieces.

Inventory:

Hand Weapons
 a - a +1 dagger
 e - a +2 short sword (weapon)
Armour
 b - a +0 robe (worn)
 h - a +0 cloak
 k - a +1 cloak (worn)
Magical Staves
 l - a staff of conjuration
Jewellery
 i - the ring of Balance (left hand) {rPois EV+4 Str+3 Int+4}
   (You acquired it on level 1 of the Dungeon)

   [ring of evasion]

   EV:        It affects your evasion (+4).
   Str:       It affects your strength (+3).
   Int:       It affects your intelligence (+4).
   rPois:     It protects you from poison.
Scrolls
 g - 2 scrolls of teleportation
 n - a scroll of holy word
Potions
 c - a potion of invisibility
 d - a potion of magic
 f - a potion of attraction
 j - 3 potions of curing
 m - a potion of heal wounds {unknown}


   Skills:
 + Level 0.1 Fighting
 + Level 1.5 Short Blades
 + Level 2.6 Dodging
 + Level 4.9 Stealth
 + Level 3.6 Spellcasting
 + Level 4.9 Hexes
 + Level 0.3 Ice Magic


You had 2 spell levels left.
You knew the following spells:

 Your Spells              Type           Power      Damage    Failure   Level
a - Ensorcelled Hibernat  Hex/Ice        34%        N/A       4%          2
b - Tukima's Dance        Hex            29%        N/A       3%          3
c - Confusing Touch       Hex            29%        N/A       3%          3

Your spell library contained the following spells:

 Spells                   Type           Power      Damage    Failure   Level
 Foxfire                  Conj/Fire      16%        2x1d4     10%         1
 Sublimation of Blood     Necr           4%         N/A       14%         2
 Wereblood                Tmut           4%         N/A       14%         2
 Dazzling Flash           Conj/Hex       32%        N/A       11%         3
 Inner Flame              Hex/Fire       16%        N/A       11%         3
 Conjure Flame            Conj/Fire      4%         6-21      28%         3
 Flame Wave               Conj/Fire      4%         3d3       67%         4
 Summon Hydra             Summ           2%         N/A       100%        7


Dungeon Overview and Level Annotations

Branches:
Dungeon (3/15)

Altars:
Sif Muna

Shops:
D:1 (


Message History

The water moccasin zombie closely misses you.
You hit the water moccasin zombie.
The water moccasin zombie is moderately damaged.
The water moccasin zombie closely misses you.
The water moccasin zombie barely misses you.
You closely miss the water moccasin zombie.
The water moccasin zombie is moderately damaged.
The water moccasin zombie completely misses you.
You completely miss the water moccasin zombie.
The water moccasin zombie is moderately damaged.
The water moccasin zombie misses you.
You hit the water moccasin zombie but do no damage.
The water moccasin zombie is moderately damaged.
The water moccasin zombie bites you.
You hit the water moccasin zombie.
The water moccasin zombie is moderately damaged.
The water moccasin zombie misses you.
You barely miss the water moccasin zombie.
The water moccasin zombie is moderately damaged.
The water moccasin zombie bites you. x2
You are too injured to fight recklessly!
You are too injured to fight recklessly!
You feel better.
The water moccasin zombie bites you but does no damage.
You closely miss the water moccasin zombie.
The water moccasin zombie is moderately damaged.
The water moccasin zombie bites you.
You closely miss the water moccasin zombie.
The water moccasin zombie is moderately damaged.
The water moccasin zombie closely misses you.
You hit the water moccasin zombie.
The water moccasin zombie is moderately damaged.
The water moccasin zombie bites you.
* * * LOW HITPOINT WARNING * * *
You barely miss the water moccasin zombie.
The water moccasin zombie is moderately damaged.
The water moccasin zombie bites you.
* * * LOW HITPOINT WARNING * * *
The water moccasin zombie bites you.
You die...

#............ #. .#
#............ #..#.###
#............
..#...###.......#....
..............###.##
....#.......## ##.#
....##.##...## ##.
##.#.#Z##...^...## ##.#
#..#.#@##..#...#.###.##
##..#.#.##......รท..#..#
#...#.#.##.#..#####...#
##.............# #...#
#....#.#.##.#.## #...#
#....#......#. #...#
#........####.######...#
#.....#### ..........##
#.....# .........)<.


You could see a water moccasin zombie.

Vanquished Creatures
  3 adders
  2 worms
  A dart slug (D:1)
  4 orcs (D:3)
  2 ball pythons
  4 endoplasms
  2 giant cockroaches
  5 goblins
  3 hobgoblins (D:1)
  A quokka (D:1)
  4 bats
  4 frilled lizards
  6 kobolds
  7 rats
48 creatures vanquished.

Vanquished Creatures (others)
  A dancing weapon (D:3)
1 creature vanquished.

Grand Total: 49 creatures vanquished

Notes
Turn   | Place    | Note
-------+----------+-------------------------------------------
     0 | D:1      | horus123 the Deep Elf Enchanter began the quest for the
                  | Orb.
     0 | D:1      | Reached XP level 1. HP: 10/10 MP: 6/6
   111 | D:1      | Found Elusk's Weapon Shoppe.
   266 | D:1      | Reached XP level 2. HP: 2/15 MP: 8/8
   630 | D:1      | Learned a level 2 spell: Ensorcelled Hibernation
  1207 | D:1      | Identified a scroll of acquirement
  1207 | D:1      | Acquired the ring of Balance {rPois EV+4 Str+3 Int+4}
  1555 | D:2      | Reached XP level 3. HP: 9/19 MP: 0/9
  1716 | D:2      | Learned a level 3 spell: Tukima's Dance
  1861 | D:2      | Learned a level 3 spell: Confusing Touch
  2093 | D:2      | Found a shimmering blue altar of Sif Muna.
  2786 | D:3      | Reached XP level 4. HP: 24/24 MP: 1/11
  3054 | D:3      | Found a faded altar of an unknown god.
  3096 | D:3      | Slain by a water moccasin zombie

Illustrated notes

Levels and vault maps discovered:
D:1:      minmay_arrival_split_and_join, layout_loops_ring, serial_shops, shop,
          minmay_misc_feat_cross
D:2:      layout_basic, basic_altar, corexii_item_surrounded_by_moat
D:3:      layout_loops_ring, hellmonk_ecumenical_altar_zigzags,
          grunt_decor_clamped, minmay_box_of_dots

Skill      XL: |  1  2 |
---------------+-------+-----
Stealth        | 4 |  4.9
Fighting       | |  0.1
Short Blades   | |  1.5
Dodging        | |  2.6
Spellcasting   | |  3.6
Hexes          | |  4.9
Ice Magic      | |  0.3

Action                   |  1- 3 |  4- 6 || total
-------------------------+-------+-------++-------
Melee: Short sword       |   129 |    21 ||   150
       Dagger            |     6 |       ||     6
 Cast: Ensorcelled Hiber |    34 |     4 ||    38
       Tukima's Dance    |     4 |       ||     4
  Use: Scroll            |     5 |     3 ||     8
       Potion            |       |     1 ||     1
 Stab: Sleeping          |    22 |     4 ||    26
Armor: Robe              |    39 |     1 ||    40
Dodge: Dodged            |    95 |    12 ||   107

Table legend: (Time is in decaauts)
 A = Elapsed time spent in this place.
 B = Non-inter-level travel time spent in this place.
 C = Inter-level travel time spent in this place.
 D = Time resting spent in this place.
 E = Time spent auto-exploring this place.
 F = Levels seen in this place.
 G = Mean time per level.
                   A        B        C        D        E       F      G
               +--------+--------+--------+--------+--------+-----+--------+
         Total |   3101 |   3036 |     65 |    552 |   1929 |   3 | 1033.7 |
       Dungeon |   3101 |   3036 |     65 |    552 |   1929 |   3 | 1033.7 |
               +--------+--------+--------+--------+--------+-----+--------+

Top non-repeatable levels by time:
     D:1: 1430 daAuts
     D:2: 1110 daAuts
     D:3: 559 daAuts
